 Dungeon Crawl Stone Soup version 0.31-a0-702-gf82c85558f (webtiles) character file.

Game seed: 3417600300460773280

2138 pokeman the Thaumaturge (level 9, -1/49 HPs)
             Began as a Deep Elf Hedge Wizard on Sept 8, 2023.
             Was an Initiate of Vehumet.
             Slain by a water moccasin (4 damage)
             ... on level 7 of the Dungeon.
             The game lasted 00:14:44 (7055 turns).

pokeman the Thaumaturge (Deep Elf Hedge Wizard)     Turns: 7055, Time: 00:14:44

Health: -1/49      AC:  8    Str:  7    XL:     9   Next: 9%
Magic:  10/26      EV: 12    Int: 24    God:    Vehumet [......]
Gold:   173        SH:  0    Dex: 14    Spells: 23/31 levels left

rFire   + . .        D - +1 dagger (venom)
rCold   . . .        (no shield)
rNeg    . . .        C - +2 leather armour {rF+}
rPois   .            y - +2 helmet
rElec   .            (no cloak)
rCorr   .            (no gloves)
SInv    .            (no boots)
Will    .....        (no amulet)
Stlth   ++           (no ring)
HPRegen 0.28/turn    (no ring)
MPRegen 0.20/turn

%: no passive effects
@: no status effects
A: no striking features
a: Renounce Religion


You were on level 7 of the Dungeon.
You worshipped Vehumet.
Vehumet was noncommittal.
You visited 2 branches of the dungeon, and saw 8 of its levels.

You collected 420 gold pieces.
You spent 247 gold pieces at shops.

Inventory:

Hand Weapons
 D - a +1 dagger of venom (weapon)
Missiles
 c - 3 curare-tipped darts
Armour
 r - a +0 buckler
 y - a +2 helmet (worn)
 C - a +2 leather armour of fire resistance (worn)
Jewellery
 E - an amulet of guardian spirit
Wands
 w - a wand of paralysis (10)
 B - a wand of polymorph (11)
Scrolls
 a - a scroll of fear {unknown}
 e - 6 scrolls of identify {unknown}
 f - a scroll of blinking {unknown}
 h - 4 scrolls of revelation {unknown}
 i - 3 scrolls of immolation {unknown}
 l - 3 scrolls of teleportation {unknown}
 m - a scroll of fog {unknown}
 n - 2 scrolls of noise {unknown}
 p - 2 scrolls of amnesia {unknown}
 v - a scroll of poison {unknown}
Potions
 b - 2 potions of brilliance {unknown}
 d - a potion of magic
 g - a potion of lignification {unknown}
 j - a potion of invisibility {unknown}
 k - 2 potions of haste
 o - 2 potions of degeneration
 q - 2 potions of enlightenment {unknown}
 s - 3 potions of heal wounds
 t - a potion of attraction {unknown}
 u - 3 potions of mutation {unknown}
 x - a potion of might {unknown}
 z - 2 potions of curing
 A - a potion of berserk rage {unknown}


   Skills:
 + Level 2.7 Fighting
 - Level 3.0 Armour
 - Level 3.0 Dodging
 - Level 3.0 Stealth
 - Level 1.2 Shields
 * Level 11.5 Spellcasting
 + Level 6.2 Conjurations
 - Level 1.1 Summonings
 - Level 1.1 Translocations
 - Level 1.2 Air Magic
 - Level 1.2 Poison Magic
 - Level 1.3 Evocations


You had 23 spell levels left.
You knew the following spells:

 Your Spells              Type           Power      Damage    Failure   Level
a - Magic Dart            Conj           100%       1d8       1%          1
b - Mephitic Cloud        Conj/Pois/Air  27%        N/A       6%          3
c - Call Imp              Summ           38%        N/A       6%          2
d - Blink                 Tloc           38%        N/A       6%          2

Your spell library contained the following spells:

 Spells                   Type           Power      Damage    Failure   Level
 Momentum Strike          Conj/Tloc      62%        3d9       2%          2
 Apportation              Tloc           38%        N/A       4%          1
 Lesser Beckoning         Tloc           38%        N/A       6%          2
 Necrotise                Necr           52%        1d6       7%          1
 Slow                     Hex            52%        N/A       7%          1
 Cigotuvi's Dreadful Rot  Necr/Pois/Air  34%        N/A       7%          2
 Jinxbite                 Hex            26%        N/A       10%         2
 Vampiric Draining        Necr           13%        2d6       21%         3
 Alistair's Intoxication  Tmut/Pois      10%        N/A       80%         5
 Agony                    Necr           13%        N/A       88%         5


Dungeon Overview and Level Annotations

Branches:
Dungeon (7/15)             Temple (1/1) D:6

Altars:
Ashenzari
Cheibriados
Dithmenos
Elyvilon
Fedhas
Gozag
Hepliaklqana
Kikubaaqudgha
Makhleb
Nemelex Xobeh
Okawaru
Qazlal
Ru
Trog
Uskayaw
Vehumet
Wu Jian
Xom
Yredelemnul
Zin
The Shining One

Shops:
D:3 !   D:6 :   D:7 :


Message History

Confirm with . or Enter, or press ? or * to list all spells.
Aiming: Mephitic Cloud (dangerous; 6% risk of failure)
Press: ? - help, Shift-Dir - straight line, f - bullfrog, p - water moccasin
Aim: a bullfrog (moderately wounded, chance to affect: 81%)
The ball explodes into a vile cloud!
The stinking cloud engulfs the bullfrog but does no damage.
The bullfrog is moderately wounded.
The stinking cloud engulfs you but does no damage.
You are engulfed in noxious fumes.
You choke on the stench!
You are confused.
You hear a shout!
The bullfrog is engulfed in noxious fumes.
The bullfrog appears confused.
The bullfrog misses you.
The bullfrog is engulfed in noxious fumes.
The bullfrog appears confused.
The bullfrog is engulfed in noxious fumes.
The bullfrog appears confused.
The bullfrog hits you but does no damage.
The bullfrog hits itself!
Unknown command.
You feel less confused.
You feel stable enough to blink again.
Aiming: Paralyse
Press: ? - help, Shift-Dir - straight line, f - water moccasin, p - bullfrog
Aim: a water moccasin (moderately wounded, chance to affect: 51%)
The water moccasin resists with significant effort.
The bullfrog is engulfed in noxious fumes.
The bullfrog appears confused.
The water moccasin barely misses you.
The bullfrog hits the water moccasin.
The bullfrog hits itself.
Aiming: Paralyse
Press: ? - help, Shift-Dir - straight line, f/p - water moccasin
Aim: a water moccasin (moderately wounded, chance to affect: 51%)
The water moccasin resists with significant effort.
The water moccasin bites you but does no damage.
Unknown command.
Aiming: Paralyse
Press: ? - help, Shift-Dir - straight line, f/p - water moccasin
Aim: a water moccasin (moderately wounded, chance to affect: 51%)
The water moccasin resists with significant effort.
The water moccasin closely misses you. The water moccasin bites you.
You die...

##............# # #............#
.# ## ##...........## ..# .###
##............# #..##
...#####.........#...### ....#
....##.................#####.....
#........>)..#................#
##.<...#.....##....#...h.....#
##.....#....###@S...........#
#.....#....####.F..........##
##......#....# ##........#...#
#........#...# ##..........)#
##............# ##.)..).....#
#.............## #.............
...............# #.............
........##.....## #.....######...
........####....##......# #..


You could see a water moccasin, a bullfrog (confused) and a howler monkey
(confused).

Vanquished Creatures
  A troll (D:7)
  Menkaure (D:6)
  A steam dragon (D:7)
  Duvessa (D:4)
  A water moccasin (D:7)
  2 black bears (D:6)
  An ice beast (D:6)
  2 ogres (D:4)
  A phantom (D:5)
  A scorpion (D:4)
  A bullfrog (D:7)
  2 wights (D:6)
  Dowan (D:4)
  4 howler monkeys (D:7)
  2 jellies
  3 hounds
  2 orc priests (D:4)
  2 iguanas
  4 gnolls (D:3)
  2 adders
  2 shadow imps
  2 white imps
  An ufetubus (D:6)
  A worm (D:3)
  5 dart slugs
  15 orcs
  4 ball pythons
  7 endoplasms
  4 giant cockroaches
  6 goblins
  6 hobgoblins
  8 kobolds
  6 quokkas
  7 bats
  2 frilled lizards
  6 rats (D:1)
  A spectral goblin (D:1)
118 creatures vanquished.

Vanquished Creatures (collateral kills)
  A wight (D:6)
1 creature vanquished.

Grand Total: 119 creatures vanquished

Notes
Turn   | Place    | Note
-------+----------+-------------------------------------------
     0 | D:1      | pokeman the Deep Elf Hedge Wizard began the quest for the
                  | Orb.
     0 | D:1      | Reached XP level 1. HP: 10/10 MP: 7/7
   181 | D:1      | Found a faded altar of an unknown god.
   282 | D:1      | Reached XP level 2. HP: 16/16 MP: 6/9
   351 | D:1      | You fall into a shaft and drop 1 floor!
   820 | D:1      | Reached skill level 5 in Spellcasting
  1119 | D:2      | Reached XP level 3. HP: 17/20 MP: 0/11
  1213 | D:2      | Learned a level 3 spell: Mephitic Cloud
  1216 | D:2      | Learned a level 2 spell: Call Imp
  1219 | D:2      | Learned a level 2 spell: Blink
  1513 | D:2      | Reached skill level 1 in Fighting
  2029 | D:3      | Reached skill level 1 in Armour
  2056 | D:3      | Reached XP level 4. HP: 25/25 MP: 6/13
  2072 | D:3      | Found Fusatsuf's Distillery.
  2187 | D:3      | Found a hide-covered altar of Uskayaw.
  2257 | D:3      | Found an ancient bone altar of Kikubaaqudgha.
  2259 | D:3      | Found a snail-covered altar of Cheibriados.
  2261 | D:3      | Found a bloodstained altar of Trog.
  2261 | D:3      | Found a stormy altar of Qazlal.
  2262 | D:3      | Found a sparkling altar of Nemelex Xobeh.
  2293 | D:3      | Found a glowing golden altar of the Shining One.
  2429 | D:3      | Reached skill level 6 in Spellcasting
  2429 | D:3      | Reached XP level 5. HP: 20/29 MP: 1/15
  2603 | D:3      | Bought a potion of degeneration for 13 gold pieces
  2603 | D:3      | Bought a potion of curing for 39 gold pieces
  3245 | D:4      | Reached skill level 1 in Shields
  3320 | D:4      | Noticed an ogre
  3336 | D:4      | Killed an ogre
  3337 | D:4      | Reached XP level 6. HP: 12/34 MP: 0/17
  3376 | D:4      | Reached skill level 1 in Evocations
  3500 | D:4      | Reached skill level 7 in Spellcasting
  3500 | D:4      | Reached skill level 1 in Air Magic
  3500 | D:4      | Reached skill level 1 in Poison Magic
  3701 | D:4      | Noticed Duvessa
  3706 | D:4      | Noticed Dowan
  3963 | D:4      | Killed Dowan
  3980 | D:4      | Killed Duvessa
  3981 | D:4      | Reached XP level 7. HP: 14/38 MP: 2/20
  4147 | D:4      | Reached skill level 8 in Spellcasting
  4525 | D:5      | Entered Level 5 of the Dungeon
  5195 | D:3      | Bought a potion of heal wounds for 65 gold pieces
  5195 | D:3      | Bought a potion of haste for 130 gold pieces
  5354 | D:6      | Noticed Menkaure
  5388 | D:6      | Killed Menkaure
  5405 | D:6      | Reached skill level 9 in Spellcasting
  5452 | D:6      | Reached XP level 8. HP: 26/44 MP: 0/23
  5694 | D:6      | Found a staircase to the Ecumenical Temple.
  5704 | Temple   | Entered the Ecumenical Temple
  5720 | Temple   | Became a worshipper of Vehumet
  5858 | D:6      | Reached skill level 5 in Conjurations
  5903 | D:6      | Found an opulent altar of Gozag.
  5936 | D:6      | Reached skill level 10 in Spellcasting
  6045 | D:6      | Noticed a walking crystal tome
  6047 | D:6      | Found Axig's Book Emporium.
  6048 | D:6      | Noticed a walking frostbound tome
  6661 | D:7      | Found Bom Lokh's Book Emporium.
  6855 | D:7      | Reached skill level 11 in Spellcasting
  7019 | D:7      | Noticed a troll
  7041 | D:7      | Killed a troll
  7042 | D:7      | Reached XP level 9. HP: 22/49 MP: 18/26
  7048 | D:7      | HP: 1/49 [bullfrog (6)]
  7055 | D:7      | Slain by a water moccasin

Illustrated notes

Levels and vault maps discovered:
D:1:      dpeg_arrival_orchard, layout_loops_ring,
          dreamdust_ecumenical_altar_drowned_temple
D:2:      layout_rooms, minmay_tromino_v4_c
D:3:      layout_rooms, nicolae_overflow_hallway_of_the_gods, serial_shops,
          nicolae_shop_tiny_statue_garden, kennysheep_generic_room_15
D:4:      layout_basic, uniq_duvessa
D:5:      layout_cave_pools, serial_rivers, chequers_serial_rivers_marsh,
          chequers_serial_rivers_large_b, chequers_serial_rivers_large_a,
          chequers_serial_rivers_micro_b, chequers_serial_rivers_micro_e,
          chequers_serial_rivers_room_b
D:6:      layout_loops_ring, nicolae_gozag_seed_capital, temple_fountains,
          serial_shops, nicolae_shop_mannequins, uniq_menkaure
D:7:      layout_layer_cave, led_sif_book, serial_shops,
          nicolae_shop_hallway_plus
Temple:   nicolae_temple_god_jail

Skill      XL: |  1  2  3  4  5  6  7  8 |
---------------+-------------------------+-----
Spellcasting   | 5 6 7 9 11 | 11.5
Fighting       | 1 2 |  2.7
Armour         | 1 3 |  3.0
Conjurations   | 2 3 4 6 |  6.2
Dodging        | 3 |  3.0
Shields        | 1 |  1.2
Stealth        | 3 |  3.0
Evocations     | 1 |  1.3
Air Magic      | 1 |  1.2
Poison Magic   | 1 |  1.2
Summonings     | |  1.1
Translocations | |  1.1

Action                     |  1- 3 |  4- 6 |  7- 9 || total
---------------------------+-------+-------+-------++-------
  Melee: Dagger            |    18 |    34 |    48 ||   100
         Punch             |     1 |     1 |     6 ||     8
         Hand axe          |       |    10 |       ||    10
   Cast: Magic Dart        |    94 |   101 |   136 ||   331
         Mephitic Cloud    |       |    18 |    12 ||    30
         Call Imp          |       |     2 |     9 ||    11
         Blink             |       |       |     1 ||     1
  Evoke: Wand              |       |       |     3 ||     3
   Stab: Confused          |       |     9 |     7 ||    16
 Armour: Robe              |    24 |    33 |       ||    57
         Leather armour    |       |       |    62 ||    62
  Dodge: Dodged            |    29 |    33 |    60 ||   122

Table legend: (Time is in decaauts)
 A = Elapsed time spent in this place.
 B = Non-inter-level travel time spent in this place.
 C = Inter-level travel time spent in this place.
 D = Time resting spent in this place.
 E = Time spent auto-exploring this place.
 F = Levels seen in this place.
 G = Mean time per level.
                   A        B        C        D        E       F      G
               +--------+--------+--------+--------+--------+-----+--------+
         Total |   7098 |   6804 |    294 |    455 |   5277 |   8 |  887.2 |
       Dungeon |   7067 |   6801 |    266 |    455 |   5277 |   7 | 1009.6 |
        Temple |     30 |      2 |     28 |      0 |      0 |   1 |   30.0 |
               +--------+--------+--------+--------+--------+-----+--------+

Top non-repeatable levels by time:
     D:4: 1553 daAuts
     D:6: 1270 daAuts
     D:1: 1099 daAuts
     D:3: 999 daAuts
     D:2: 996 daAuts
     D:5: 681 daAuts
     D:7: 468 daAuts
  Temple: 30 daAuts
